 Seeded DCSS version 0.29-a0-789-g7a8fcbc185 (webtiles) character file.

Game seed: 1570133099386417921 (custom seed)

0 blackman the Sneak (level 1, 0/18 HPs)
             Began as a Human Delver on July 2, 2022.
             Slain by a phantom (3 damage)
             ... on level 5 of the Dungeon.
             The game lasted 00:00:25 (60 turns).

blackman the Sneak (Human Delver)                     Turns: 60, Time: 00:00:26

Health: 0/18       AC:  3    Str: 12    XL:     1   Next: 0%
Magic:  1/1        EV: 12    Int: 10    God:
Gold:   0          SH:  0    Dex: 14    Spells: 0/0 levels left

rFire   . . .      SeeInvis .   a - +0 hand axe
rCold   . . .      Faith    .   (no shield)
rNeg    . . .      Spirit   .   b - +0 leather armour
rPois   .          Reflect  .   (no helmet)
rElec   .          Harm     .   (no cloak)
rCorr   .          Rampage  .   (no gloves)
Will    .....                   (no boots)
Stlth   +++.......              (no amulet)
HPRegen 0.06/turn               (no ring)
MPRegen 0.07/turn               (no ring)

@: no status effects
A: no striking features
a: no special abilities


You were on level 5 of the Dungeon.
You visited 1 branch of the dungeon, and saw 1 of its levels.

Inventory:

Hand Weapons
 a - a +0 hand axe (weapon)
Armour
 b - a +0 leather armour (worn)
Wands
 g - a wand of digging (3)
 h - a wand of iceblast (9)
Scrolls
 c - a scroll of fog
 d - a scroll of magic mapping
 e - a scroll of fear
Potions
 f - a potion of haste


   Skills:
 - Level 3.0 Fighting
 + Level 2.0 Axes
 - Level 2.0 Dodging
 - Level 5.0 Stealth


You couldn't memorise any spells.
You didn't know any spells.
Your spell library was empty.

Dungeon Overview and Level Annotations

Branches:
Dungeon (5/15)             Temple (0/1) D:5

Altars:


Message History

h - a wand of iceblast (9)
There are no items here.
Found a staircase to the Ecumenical Temple.
Found a scratched garnet ring.
An orc comes into view. It is wielding a +0 club.
An orc wizard comes into view. It is wielding a +0 dagger.
An orc comes into view. It is wielding a +0 flail.
You see here a ring of resist corrosion.
The orc shouts!
The orc wizard shouts!
A hound comes into view.
Why would you want to do that?
The orc wizard casts a spell.
The orc wizard flickers and vanishes!
Deactivating autopickup; reactivate with Ctrl-A.
Why would you want to do that?
Found a scroll labelled DOCUDA DIYCRA.
Found a pair of boots.
Found a leather armour.
A phantom comes into view.
The phantom misses you. The phantom attacks as you move away!
The phantom hits you.
You enter the shallow water.
Moving in this stuff is going to be slow.
Why would you want to do that? The phantom hits you.
The phantom blinks!
You are confused.
Something tries to affect you, but you resist.
You nearly stumble into some deep water!
The phantom hits you.
The phantom blinks!
You blink.
Something hits you.
You barely miss the phantom. You closely miss something.
The phantom barely misses you. Something hits you. Something barely misses you.
The phantom barely misses you.
You're too confused to move!
You feel less confused. Something hits you. The phantom hits you.
* * * LOW HITPOINT WARNING * * *
The phantom blinks!
You blink.
You completely miss the phantom. The phantom barely misses you.
You completely miss the phantom. The phantom hits you.
You die...

..#.....≈≈≈≈≈≈...≈≈≈≈≈≈...
........≈≈≈≈≈≈.>.≈≈≈≈≈≈...
........≈≈≈≈≈≈...≈≈≈≈≈≈...
..#..#..≈≈≈≈≈≈≈≈≈≈≈≈≈≈≈...
. #..#...≈≈≈≈≈≈≈≈≈≈≈≈≈....
#..#.....≈≈≈≈≈≈≈≈≈......
#........o.≈≈≈≈≈........
.........W...............
........@................
.........................
......................#..
........##.####.####..#..
.#.#... ..# #°# #..#.. #
#.## ..# # #..#.. .. #
#####.>#.. .#. #8#§§○.....
######..##.


You could see a phantom and an orc.

Vanquished Creatures (others)
  A gnoll (D:5)
1 creature vanquished.

Notes
Turn   | Place    | Note
-------+----------+-------------------------------------------
     0 | D:5      | blackman the Human Delver began the quest for the Orb.
     0 | D:5      | Reached XP level 1. HP: 18/18 MP: 1/1
     8 | D:5      | Found a staircase to the Ecumenical Temple.
    22 | D:5      | Noticed an orc wizard
    32 | D:5      | Noticed a hound
    45 | D:5      | Noticed a phantom
    60 | D:5      | Slain by a phantom

Illustrated notes

Levels and vault maps discovered:
D:5:      layout_basic, temple_pool_b, lemuel_flamethrower_2

Action                   || total
-------------------------++-------
Melee: Hand axe          ||     3
Dodge: Dodged            ||     5

Table legend: (Time is in decaauts)
 A = Elapsed time spent in this place.
 B = Non-inter-level travel time spent in this place.
 C = Inter-level travel time spent in this place.
 D = Time resting spent in this place.
 E = Time spent auto-exploring this place.
 F = Levels seen in this place.
 G = Mean time per level.
                   A        B        C        D        E       F      G
               +--------+--------+--------+--------+--------+-----+--------+
         Total |     62 |     62 |      0 |      0 |      0 |   1 |   62.0 |
       Dungeon |     62 |     62 |      0 |      0 |      0 |   1 |   62.0 |
               +--------+--------+--------+--------+--------+-----+--------+

Top non-repeatable levels by time:
     D:5: 62 daAuts
